 Dungeon Crawl Stone Soup version 0.29.1-12-g30fa7ad0bf (webtiles) character file.

Game seed: 13007217569471397060

4538 retardedninja the Cleaver (level 10, -7/88 HPs)
             Began as a Hill Orc Fighter on Dec 13, 2022.
             Was an Initiate of Gozag.
             Mangled by an orc warrior
             ... wielding a +0 broad axe
              (16 damage)
             ... in a bailey.
             The game lasted 00:14:14 (10423 turns).

retardedninja the Cleaver (Hill Orc Fighter)       Turns: 10423, Time: 00:14:14

Health: -7/88      AC: 22    Str: 30    XL:     10   Next: 40%
Magic:  10/10      EV:  9    Int:  8    God:    Gozag
Gold:   349        SH:  5    Dex: 10    Spells: 9/9 levels left

rFire   . . .      SeeInvis +   v - +0 broad axe
rCold   . . .      Faith    .   c - +0 buckler
rNeg    . . .      Spirit   .   l - +1 chain mail
rPois   .          Reflect  .   t - +2 helmet
rElec   .          Harm     .   p - +0 cloak
rCorr   .          Rampage  .   r - -1 pair of gloves of the Equator {SInv}
Will    .....                   u - +0 pair of boots
Stlth   ..........              (no amulet)
HPRegen 0.24/turn               g - +4 ring of protection
MPRegen 0.12/turn               y - +6 ring of strength

@: mighty, gold aura, flying
A: no striking features
a: Renounce Religion, Potion Petition, Call Merchant, Bribe Branch


You were in a bailey.
You worshipped Gozag.
Gozag was aware of your devotion.
You visited 2 branches of the dungeon, and saw 9 of its levels.
You also visited: Bailey.

You collected 741 gold pieces.
You spent 49 gold pieces at shops.
You paid 343 gold pieces to Gozag.

Inventory:

Hand Weapons
 v - a +0 broad axe (weapon)
Missiles
 z - 4 silver javelins (quivered)
Armour
 c - a +0 buckler (worn)
 l - a +1 chain mail (worn)
 p - a +0 cloak (worn)
 r - the -1 pair of gloves of the Equator (worn) {SInv}
   (You found it on level 8 of the Dungeon)

   SInv:      It lets you see invisible.
 t - a +2 helmet (worn)
 u - a +0 pair of boots (worn)
Jewellery
 g - a +4 ring of protection (left hand)
 y - a +6 ring of strength (right hand)
 A - a ring of see invisible
 G - a ring of poison resistance
Wands
 x - a wand of flame (8)
Scrolls
 b - a scroll of amnesia
 e - a scroll of butterflies
 f - 4 scrolls of poison
 i - 2 scrolls of fear
 m - 2 scrolls of teleportation
 w - a scroll of immolation
Potions
 d - a potion of magic {unknown}
 h - a potion of mutation {unknown}
 k - 2 potions of attraction
 n - a potion of cancellation
 o - a potion of resistance {unknown}
 q - 2 potions of lignification
 C - 3 potions of curing
 D - a potion of haste


   Skills:
 + Level 7.9 Fighting
 + Level 13.9 Axes
 + Level 8.0 Armour
 + Level 1.9 Dodging
 + Level 1.2 Stealth
 + Level 5.9 Shields


You had 9 spell levels left.
You didn't know any spells.
Your spell library contained the following spells:

 Spells                   Type           Power      Damage    Failure   Level
 Freeze                   Ice            0%         1d3       93%         1
 Magic Dart               Conj           0%         1d3       93%         1
 Searing Ray              Conj           0%         2d4       98%         2
 Frozen Ramparts          Ice            0%         1d1       100%        3
 Gell's Gravitas          Tloc           0%         N/A       100%        3
 Lesser Beckoning         Tloc           0%         N/A       100%        3
 Teleport Other           Tloc           0%         N/A       100%        3
 Fulminant Prism          Conj/Hex       0%         3d6       100%        4
 Hailstorm                Conj/Ice       0%         3d3       100%        4


Dungeon Overview and Level Annotations

Branches:
Dungeon (8/15)             Temple (1/1) D:4          Bailey (1/1)
   Lair: D:8-11

Altars:
Ashenzari
Dithmenos
Elyvilon
Fedhas
Gozag
Hepliaklqana
Kikubaaqudgha
Nemelex Xobeh
Okawaru
Qazlal
Sif Muna
Trog
Uskayaw
Vehumet
Wu Jian
Xom
Yredelemnul
Zin
The Shining One

Shops:
D:3 [


Message History

You hit the kobold. You closely miss the orc warrior.
The orc warrior is no longer distracted by gold.
The orc knight hits you with a +0 war axe.
* * * LOW HITPOINT WARNING * * *
The orc warrior hits you with a +0 broad axe!
* * * LOW HITPOINT WARNING * * *
The kobold hits you but does no damage.
You closely miss the orc knight.
The orc knight is almost dead.
You slice the kobold!!
You kill the kobold!
You hear a splash.
You hit the orc warrior.
The orc warrior no longer looks unusually strong.
The orc knight roars a battlecry!
The orc warrior goes into a battle-frenzy!
The orc warrior hits you but does no damage.
You slice the orc knight!!
You kill the orc knight!
You barely miss the orc warrior.
The orc warrior is distracted by your dazzling golden aura.
Your Armour skill increases to level 8!
You hit the orc warrior.
The orc warrior is no longer distracted by gold.
The orc warrior is moderately wounded.
The orc warrior hits you with a +0 broad axe!
* * * LOW HITPOINT WARNING * * *
[a] - 299 gold - heal wounds and magic [b] - 420 gold - haste and brilliance [c] - 1110 gold - resistance, might, haste, heal wounds and magic Purchase which effect?
You no longer have enough gold to petition Gozag for potion effects.
You feel much better. Magic courses through your body.
The orc warrior hits you with a +0 broad axe!
* * * LOW HITPOINT WARNING * * *
You barely miss the orc warrior.
The orc warrior is moderately wounded.
The orc warrior hits you with a +0 broad axe!
You die...
Your body crumbles into a pile of gold.

#........(............
##....(.####...####...
♣##....##~o#####~~##..
♣.##...#~[?8o..8?)~#..
♣♣..###'#~.........~#
#
♣...~$~.#~..8...8..~#
♣♣...~$~.##.........##
♣∩...~$~.#~....∩....~#
♣♣...~~@$#~.........~#
♣...~~$o# ♣♣..###'#
♣.# ... ♣# ...# ...#
... $ ....


You could see an orc warrior (strong).

Vanquished Creatures
  An orc knight (Bailey)
  Joseph (D:7)
  Maggie (D:6)
  A hornet (D:6)
  2 wyverns
  A steam dragon (D:7)
  A water moccasin (D:5)
  A sky beast (D:7)
  A black bear (D:6)
  2 orc warriors
  2 ice beasts
  2 centaurs (D:5)
  3 phantoms
  2 bullfrogs
  Blork the orc (D:4)
  2 necrophages (D:5)
  2 scorpions
  A water moccasin zombie (D:4)
  4 wights (D:7)
  2 water moccasin skeletons (D:4)
  2 howler monkeys (D:6)
  A bullfrog zombie (D:4)
  5 hounds
  6 jellies
  Crazy Yiuf (D:4)
  Jessica (D:2)
  4 iguanas
  An orc wizard (D:7)
  A scorpion zombie (D:4)
  Natasha (thrice) (D:2)
  5 hound zombies (D:4)
  2 hound skeletons (D:4)
  Robin (D:4)
  10 gnolls
  2 adders
  A shadow imp (D:4)
  A white imp (D:8)
  2 ufetubi
  3 adder zombies (D:4)
  2 worms (D:2)
  A dart slug (D:2)
  17 orcs
  9 ball pythons
  6 endoplasms
  4 giant cockroaches
  15 goblins
  14 hobgoblins
  6 jackals
  17 kobolds
  8 quokkas
  7 bats
  5 frilled lizards
  6 rats
202 creatures vanquished.

Vanquished Creatures (others)
  2 demonic plants (D:1)
  A fungus (D:1)
  3 plants (D:1)
  6 withered plants
12 creatures vanquished.

Grand Total: 214 creatures vanquished

Notes
Turn   | Place    | Note
-------+----------+-------------------------------------------
     0 | D:1      | retardedninja the Hill Orc Fighter began the quest for the
                  | Orb.
     0 | D:1      | Reached XP level 1. HP: 19/19 MP: 1/1
   168 | D:1      | Reached XP level 2. HP: 27/27 MP: 2/2
   221 | D:1      | Found a faded altar of an unknown god.
   576 | D:1      | Reached skill level 3 in Axes
   810 | D:1      | Reached XP level 3. HP: 24/33 MP: 3/3
  1219 | D:2      | You fall into a shaft and drop 1 floor!
  1372 | D:3      | Found Togaxowyc's Armour Shop.
  1542 | D:2      | Identified the +6 dagger of Entrepreneurial Spirit {vorpal,
                  | Int+5}
  1778 | D:2      | Reached XP level 4. HP: 34/40 MP: 4/4
  1780 | D:2      | Reached skill level 4 in Axes
  1892 | D:2      | Noticed Jessica
  1895 | D:2      | Killed Jessica
  1934 | D:2      | Noticed Natasha
  1944 | D:2      | Killed Natasha
  1945 | D:2      | Reached XP level 5. HP: 23/47 MP: 5/5
  2355 | D:2      | Noticed Natasha
  2360 | D:2      | Killed Natasha
  2361 | D:2      | Reached skill level 5 in Axes
  2533 | D:2      | Noticed Natasha
  2546 | D:2      | Killed Natasha
  2782 | D:3      | Noticed an ice beast
  2788 | D:3      | Killed an ice beast
  2789 | D:3      | Reached XP level 6. HP: 38/53 MP: 6/6
  2878 | D:3      | Identified the +11 flail of the Everdark {freeze, rN+}
  2889 | D:3      | Reached skill level 6 in Axes
  3557 | D:4      | Reached skill level 7 in Axes
  3579 | D:4      | Found a basalt altar of Yredelemnul.
  3680 | D:4      | Reached XP level 7. HP: 48/60 MP: 7/7
  4054 | D:4      | Reached skill level 5 in Armour
  4075 | D:4      | Reached skill level 5 in Fighting
  4075 | D:4      | Reached skill level 8 in Axes
  4155 | D:4      | Noticed Robin
  4189 | D:4      | Killed Robin
  4484 | D:4      | Noticed Blork the orc
  4659 | D:3      | Reached XP level 8. HP: 34/68 MP: 8/8
  5030 | D:4      | Killed Blork the orc
  5031 | D:4      | Reached skill level 9 in Axes
  5224 | D:4      | Found a runed translucent door.
  5225 | D:4      | Noticed Crazy Yiuf
  5354 | D:4      | Found a staircase to the Ecumenical Temple.
  5413 | Temple   | Entered the Ecumenical Temple
  5534 | Temple   | Became a worshipper of Gozag Ym Sagoz the Greedy
  5744 | D:4      | Killed Crazy Yiuf
  5745 | D:4      | Reached skill level 1 in Dodging
  5843 | D:3      | Bought a +0 pair of boots for 49 gold pieces
  6506 | D:5      | Entered Level 5 of the Dungeon
  6945 | D:5      | Reached skill level 10 in Axes
  7186 | D:5      | Found a glowing golden altar of the Shining One.
  7205 | D:5      | Found an ancient bone altar of Kikubaaqudgha.
  7430 | D:6      | Reached XP level 9. HP: 73/75 MP: 9/9
  7458 | D:6      | Reached skill level 11 in Axes
  7681 | D:6      | Found a blossoming altar of Fedhas.
  8220 | D:6      | Noticed Maggie
  8234 | D:6      | Killed Maggie
  8235 | D:6      | Reached skill level 5 in Shields
  8386 | D:6      | Noticed a hornet
  8397 | D:6      | Killed a hornet
  8398 | D:6      | Reached skill level 12 in Axes
  9206 | D:7      | Reached skill level 1 in Stealth
  9387 | D:7      | Noticed Joseph
  9395 | D:7      | Killed Joseph
  9396 | D:7      | Reached skill level 13 in Axes
  9396 | D:7      | Reached XP level 10. HP: 84/88 MP: 10/10
 10266 | D:8      | Identified the -1 pair of gloves of the Equator {SInv}
 10283 | D:8      | Found a flagged portal.
 10320 | Bailey   | Entered a bailey
 10325 | Bailey   | Noticed an orc warlord
 10394 | Bailey   | Noticed an orc knight
 10420 | Bailey   | Killed an orc knight
 10421 | Bailey   | HP: 1/88 [orc warrior/+0 broad axe (13)]
 10423 | Bailey   | Mangled by an orc warrior

Illustrated notes

Levels and vault maps discovered:
D:1:      amcnicky_arrival_choice, layout_loops_corners,
          shapermc_ecumenical_altar_gd, nicolae_figureground_sparkle
D:2:      layout_basic, uniq_jessica, uniq_natasha
D:3:      layout_loops_ring, serial_shops, shop, patterned_corridor
D:4:      layout_rooms, mainiacjoe_overflow_concentric_impassable,
          minmay_temple_entry_statues_pillars, serial_undead, serial_undead_c,
          serial_undead_f, serial_undead_b, serial_undead_f, serial_undead_f,
          serial_undead_a, uniq_robin, uniq_blork_the_orc,
          uniq_crazy_yiuf_cottage
D:5:      layout_cave_pools, mainiacjoe_overflow_large_starburst, st_stairs_9,
          minmay_misc_feat_hallway, due_unseen_surprise
D:6:      layout_basic, fedhas_altar_4, uniq_maggie
D:7:      layout_cave_pods, kennysheep_nondescript, uniq_joseph
D:8:      layout_loops_cross, enter_bailey_5, grunt_potential
Temple:   nicolae_temple_superstar
Bailey:   bailey_axe_bossmonster_kennysheep, bailey

Skill      XL: |  1  2  3  4  5  6  7  8  9 10 |
---------------+-------------------------------+-----
Fighting       | 4 5 6 7 |  7.9
Axes           | 3 4 5 7 8 10 13 | 13.9
Armour         | 4 5 6 7 8 |  8.0
Shields        | 4 5 |  5.9
Dodging        | 1 |  1.9
Stealth        | 1 |  1.2

Action                   |  1- 3 |  4- 6 |  7- 9 | 10-12 || total
-------------------------+-------+-------+-------+-------++-------
Melee: War axe           |   122 |   117 |   156 |       ||   395
       Broad axe         |       |       |   171 |   111 ||   282
Invok: Potion Petition   |       |       |       |     1 ||     1
  Use: Scroll            |     2 |     7 |     6 |     5 ||    20
       Potion            |       |     1 |     3 |     3 ||     7
 Stab: Distracted        |       |       |     1 |     1 ||     2
Armor: Scale mail        |    37 |       |       |       ||    37
       Chain mail        |    23 |    68 |   243 |    55 ||   389
Dodge: Dodged            |    65 |    35 |   133 |    42 ||   275
Block: Buckler           |    19 |    24 |    66 |    24 ||   133
